 Dungeon Crawl Stone Soup version 0.22-a0-565-gfc6459a (webtiles) character file.

13 Amnesiac the Charmwright (level 2, 0/13 HPs)
             Began as a Spriggan Wanderer on June 28, 2018.
             Succumbed to an adder's poison
             ... on level 4 of the Dungeon.
             The game lasted 00:01:37 (863 turns).

Amnesiac the Charmwright (Spriggan Wanderer)         Turns: 863, Time: 00:01:37

Health: 0/13       AC:  2    Str:  7    XL:     2   Next: 24%
Magic:  5/5        EV: 15    Int: 14    God:
Gold:   19         SH:  0    Dex: 15    Spells: 3/3 levels left

rFire    . . .     SeeInvis +   d - +0 dagger
rCold    . . .     Gourm    .   (shield restricted)
rNeg     . . .     Faith    .   c - +0 robe
rPois    .         Spirit   .   (helmet restricted)
rElec    .         Reflect  .   (no cloak)
rCorr    .         Harm     .   (gloves unavailable)
MR       .....                  (boots unavailable)
Stlth    ++........             (no amulet)
HPRegen  0.04/turn              (no ring)
MPRegen  0.09/turn              (no ring)

@: lethally poisoned (0 -> -5), very quick
A: very small, unfitting armour, see invisible, herbivore, speed 3, slow
metabolism 2
a: no special abilities


You were on level 4 of the Dungeon.
You were not hungry.

You visited 1 branch of the dungeon, and saw 4 of its levels.

You collected 19 gold pieces.

Inventory:

Hand Weapons
 d - a +0 dagger (weapon)
Armour
 c - a +0 robe (worn)
Jewellery
 h - a cursed ring of loudness {unknown}
Wands
 a - a wand of paralysis (15)
Scrolls
 b - 2 scrolls of remove curse {!r, unknown}
 e - a scroll of teleportation {!r, unknown}
 i - a scroll of amnesia {!r, unknown}
Potions
 g - 2 potions of mutation {!q, unknown}
Comestibles
 f - 2 rations


   Skills:
 * Level 1.2 Short Blades
 - Level 1.0 Throwing
 + Level 1.2 Stealth
 - Level 1.3 Spellcasting
   Level 4.4 Charms
   Level 2.6 Necromancy
   Level 1.0 Poison Magic
 * Level 2.2 Evocations


You had 3 spell levels left.
You didn't know any spells.
Your spell library contained the following spells:

 Spells                   Type           Power        Failure   Level  Hunger
 Spider Form              Tmut/Pois      #.........   52%         3    ####...
 Beastly Appendage        Tmut           #.....       26%         1    ##.....


Dungeon Overview and Level Annotations

Branches:
Dungeon (4/15)
 Temple: D:4-7

Altars:
Wu Jian
Xom


Innate Abilities, Weirdness & Mutations

You are very small and have problems with some larger weapons.
You are too small for most types of armour.
You have supernaturally acute eyesight. (SInv)
You are a herbivore.
You cover ground extremely quickly.
You need to consume almost no food.


Message History

The quokka is lightly wounded.
The quokka bites you.
You hit the quokka.
The quokka is heavily wounded.
The quokka closely misses you.
You hit the quokka.
The quokka is almost dead.
The quokka barely misses you.
You hit the quokka but do no damage.
The quokka is almost dead.
The quokka bites you.
You barely miss the quokka.
The quokka is almost dead.
The quokka closely misses you.
The quokka bites you but does no damage.
You hit the quokka but do no damage.
The quokka is almost dead.
The quokka misses you.
You barely miss the quokka.
The quokka is almost dead.
The quokka barely misses you.
You barely miss the quokka.
The quokka is almost dead.
The quokka misses you.
You hit the quokka but do no damage.
The quokka is almost dead.
The quokka barely misses you.
You hit the quokka but do no damage.
The quokka is almost dead.
The quokka barely misses you.
You hit the quokka.
You kill the quokka!
No target in view!
You start resting.
HP restored.
Found a stone staircase leading down.
You now have 19 gold pieces (gained 7).
There is a stone staircase leading down here.
There is a stone staircase leading down here.
Found 19 stones.
Found a stone staircase leading up.
f - 2 rations (gained 1)
Found 20 stones.
A howler monkey comes into view.
An adder comes into view.
The adder hisses angrily.
The howler monkey howls!
You hear an angry hiss.
The howler monkey hoots and howls with incredible vigour!
Found a shimmering altar of Xom.
An adder comes into view.
The adder hisses angrily.
The adder misses you. The adder closely misses you.
You enter the shallow water.
Moving in this stuff is going to be slow.
The adder bites you.
You are poisoned.
The adder poisons you!
The howler monkey splashes around in the water.
The adder bites you.
* * * LOW HITPOINT WARNING * * *
The adder bites you.
* * * LOW HITPOINT WARNING * * *
Really walk into a travel-excluded area?
You die...

#.##...##### # #.
#...(......# # #.
####...###.#### #.
#........... ###.###
#..#........
##≈≈≈≈≈##
##....##.####
##≈≈...≈≈###.#...##.#
..≈..§§S≈S.......##.#
#≈..§§@h.##.##..##.#
#≈...§.≈####....##.#
#≈≈...≈≈# .)..##.#
##≈≈≈≈≈## ##†.##.# ##
####### #..##.###.
#......... ##.##.####
#........ ######.##


You could see a howler monkey and 2 adders.

Vanquished Creatures
  A leopard gecko (D:1)
  6 goblins
  A quokka (D:4)
  3 frilled lizards
11 creatures vanquished.

Vanquished Creatures (others)
  An adder (D:4)
1 creature vanquished.

Grand Total: 12 creatures vanquished

Notes
Turn   | Place    | Note
-------+----------+-------------------------------------------
     0 | D:1      | Amnesiac the Spriggan Wanderer began the quest for the Orb.
     0 | D:1      | Amnesiac set off with: a wand of paralysis (15), a +0 robe, a +0 dagger, a ration
     0 | D:1      | Reached XP level 1. HP: 9/9 MP: 3/3
   208 | D:1      | Reached skill level 1 in Short Blades
   208 | D:1      | Reached skill level 1 in Stealth
   226 | D:2      | Reached XP level 2. HP: 13/13 MP: 5/5
   641 | D:4      | Found an ornate altar of the Wu Jian Council.
   857 | D:4      | Noticed a howler monkey
   858 | D:4      | Found a shimmering altar of Xom.
   863 | D:4      | Succumbed to an adder's poison

Vault maps used:
D:1:      eino_arrival_tree_alley, minmay_tetromino_s4
D:2:      serial_park_tiny_2
D:3:      kennysheep_okawaru_gauntlet, cheibrodos_ashenzari_chains,
          hangedman_decor_points, minivault_4, uniq_grinder
D:4:      xom_confusion_cloud, lemuel_round_altar, grunt_decor_clamped,
          kennysheep_another_room

Skill      XL: |  1 |
---------------+----+-----
Short Blades   | 1 |  1.2
Stealth        | 1 |  1.2
Evocations     | 2 |  2.2
Throwing       | |  1.0
Spellcasting   | |  1.3
Charms         | |  4.4
Necromancy     | |  2.6
Poison Magic   | |  1.0

Action                   || total
-------------------------++-------
Melee: Dagger            ||    38
 Stab: Sleeping          ||     2
       Distracted        ||     1
Armor: Robe              ||     2
Dodge: Dodged            ||    32

Table legend:
 A = Spawn XP
 B = Non-spawn XP
 C = Spawn XP percentage of total XP
 D = Spawn monster count
 E = Non-spawn monster count
 F = Spawn count percentage of total count
 G = Total turns spent on level
                    A         B        C        D         E        F      G
               +---------+---------+-------+---------+---------+-------+---------
         Total |       0 |      19 |   0.0 |       0 |      11 |   0.0 |   863
               +---------+---------+-------+---------+---------+-------+---------
           D:1 |       0 |      11 |   0.0 |       0 |       6 |   0.0 |   223
           D:2 |       0 |       5 |   0.0 |       0 |       3 |   0.0 |   372
           D:3 |       0 |       1 |   0.0 |       0 |       1 |   0.0 |    15
           D:4 |       0 |       2 |   0.0 |       0 |       1 |   0.0 |   253
               +---------+---------+-------+---------+---------+-------+---------
